 Dungeon Crawl Stone Soup version 0.20.0-15-g7f486f2 (webtiles) character file.

115 Monsterracer the Ruffian (level 4, 0/35 HPs)
             Began as a Draconian Transmuter on June 28, 2017.
             Succumbed to an adder's poison
             ... on level 3 of the Dungeon.
             The game lasted 00:05:36 (1558 turns).

Monsterracer the Ruffian (Draconian Transmuter)     Turns: 1558, Time: 00:05:37

Health: 0/35       AC:  6    Str: 12      XL:     4   Next: 68%
Magic:  6/7        EV: 12    Int: 13 (15) God:
Gold:   104        SH:  0    Dex: 10 (11) Spells: 4/7 levels left

rFire    . . .     SeeInvis .     - Unarmed
rCold    . . .     Gourm    .   (no shield)
rNeg     . . .     Faith    .   (armour unavailable)
rPois    .         Spirit   .   (helmet restricted)
rElec    .         Reflect  .   l - +0 cloak
rCorr    .         Harm     .   (no gloves)
MR       .....                  (no boots)
Stlth    ++........             (no amulet)
Regen    0.2/turn               h - ring of flight
MPRegen  0.1/turn               m - ring of stealth

@: lethally poisoned (0 -> -6), appendage (expiring)
A: unfitting armour, horns 2, cold-blooded, AC +5
a: End Transformation, Evoke Flight


You were on level 3 of the Dungeon.
You were near starving.
You had grown temporary horns.
You visited 1 branch of the dungeon, and saw 3 of its levels.

You collected 104 gold pieces.

Inventory:

Missiles
 a - 45 arrows
Armour
 i - a +0 shield
 j - a +0 buckler
 l - a +0 cloak (worn)
Jewellery
 h - a ring of flight (left hand)
 m - a ring of stealth (right hand)
Scrolls
 d - 2 scrolls of fog {unknown}
 e - a scroll of amnesia {unknown}
 g - a scroll of blinking {unknown}
 k - a scroll of random uselessness {unknown}
Books
 b - a book of Changes

   Spells                             Type                      Level
   a - Beastly Appendage              Transmutation                1
   b - Sticks to Snakes               Transmutation                2
   c - Spider Form                    Transmutation/Poison         3
   d - Ice Form                       Ice/Transmutation            4
   e - Blade Hands                    Transmutation                5
Comestibles
 c - 2 bread rations
 f - a meat ration


   Skills:
 - Level 1.1 Fighting
 - Level 1.7 Dodging
 * Level 4.8 Unarmed Combat
 - Level 2.0 Spellcasting
 + Level 3.2 Transmutations


You had 4 spell levels left.
You knew the following spells:

 Your Spells              Type           Power        Failure   Level  Hunger
a - Beastly Appendage     Tmut           #.....       7%          1    ##.....
b - Sticks to Snakes      Tmut           #.......     11%         2    ###....


Dungeon Overview and Level Annotations

Branches:
Dungeon (3/15)

Altars:


Innate Abilities, Weirdness & Mutations

Your plain brown scales are hard. (AC +5)
You cannot fit into any form of body armour.
You are cold-blooded and may be slowed by cold attacks.
You have a pair of horns on your head.


Message History

* * * LOW HITPOINT WARNING * * *
You are more poisoned.
The adder poisons you!
Huge Dmg: -6%(-2hp) hp: 9%(3hp)
You barely miss the adder. You headbutt the adder.
You kill the adder!
This spell is very dangerous to cast!
Memorise Ice Form, consuming 4 spell levels and leaving 0?
Your memorisation is interrupted.
* * * LOW HITPOINT WARNING * * *
You feel sick.
Huge Dmg: -3%(-1hp) hp: 6%(2hp) Unknown command.
Your transformation is almost over.
* * * LOW HITPOINT WARNING * * *
You feel sick.
Items here: ) ††† a dagger; an adder corpse; an orc corpse; a rat corpse Huge Dmg: -3%(-1hp) hp: 3%(1hp)
You die...

##.......#..#
##.........#
##.######.#
###.# ##
#...# #.###
#.# #)# #@#
#...# .....#
.####.# #. .#
# . . ..


There were no monsters in sight!

Vanquished Creatures
  An orc wizard (D:3)
  A gnoll (D:1)
  3 adders
  4 dart slugs
  A leopard gecko (D:2)
  3 orcs (D:3)
  3 giant cockroaches
  5 goblins
  7 hobgoblins
  4 bats
  2 frilled lizards
  5 kobolds
  3 rats
42 creatures vanquished.

Notes
Turn   | Place    | Note
-------+----------+-------------------------------------------
     0 | D:1      | Monsterracer the Draconian Transmuter began the quest for the Orb.
     0 | D:1      | Reached XP level 1. HP: 16/16 MP: 3/3
   197 | D:1      | Reached XP level 2. HP: 14/23 MP: 3/5
   276 | D:1      | Learned a level 2 spell: Sticks to Snakes
   533 | D:1      | Reached XP level 3. HP: 22/28 MP: 6/6
   740 | D:2      | Reached skill level 4 in Unarmed Combat
   747 | D:2      | Found a faded altar of an unknown god.
  1485 | D:3      | Reached XP level 4. HP: 33/35 MP: 5/7
  1557 | D:3      | HP: 1/35 [poisoned by an adder]
  1558 | D:3      | Succumbed to an adder's poison

Skill      XL: |  1  2  3  4 |
---------------+-------------+-----
Unarmed Combat | 4 |  4.8
Transmutations | 3 |  3.2
Fighting       | |  1.1
Dodging        | |  1.7
Spellcasting   | |  2.0

Action                   |  1- 3 |  4- 6 || total
-------------------------+-------+-------++-------
Melee: Unarmed           |   127 |    47 ||   174
       Kick              |     7 |       ||     7
       Tailslap          |    11 |     4 ||    15
       Headbutt          |     4 |     1 ||     5
       Punch             |     4 |       ||     4
 Cast: Beastly Appendage |    12 |     3 ||    15
       Sticks to Snakes  |       |     1 ||     1
  Use: Potion            |     4 |       ||     4
 Stab: Sleeping          |     2 |       ||     2
  Eat: Chunk             |     1 |       ||     1
Armor: Skin              |    40 |    13 ||    53
Dodge: Dodged            |    63 |    21 ||    84
